 Dungeon Crawl Stone Soup version 0.31-a0-848-gaac375c287 (webtiles) character file.

Game seed: 17690860575186926897

338 CowFu the Ruffian (level 6, -1/51 HPs)
             Began as a Draconian Shapeshifter on Oct 4, 2023.
             Slain by Eustachio
             ... wielding a +0 rapier
              (5 damage)
             ... on level 4 of the Dungeon.
             The game lasted 00:04:26 (3032 turns).

CowFu the Ruffian (Draconian Shapeshifter)          Turns: 3032, Time: 00:04:27

Health: -1/51      AC:  6    Str: 18    XL:     6   Next: 29%
Magic:  6/6        EV: 12    Int: 10    God:
Gold:   165        SH:  0    Dex: 11    Spells: 5/5 levels left

rFire   . .          .
                       - Unarmed
rCold   . . .        (no shield)
rNeg    . . .        (body armour unavailable)
rPois   .            (helmet currently unavailable)
rElec   .            (cloak currently unavailable)
rCorr   .            (gloves currently unavailable)
SInv    +            (boots currently unavailable)
Will    ++...        (no amulet)
Stlth   +            i - ring of see invisible
HPRegen 0.28/turn    s - ring of willpower
MPRegen 0.10/turn

%: no passive effects
@: beast-form, on berserk cooldown, enlightened, flying, slowed, very slow
A: beast (slay +2), AC +6, unfitting armour, cold-blooded
a: Begin Untransformation


You were on level 4 of the Dungeon.
You were a hulking beast.
You visited 1 branch of the dungeon, and saw 4 of its levels.

You collected 165 gold pieces.

Inventory:

Jewellery
 i - a ring of see invisible (left hand)
 l - an amulet of faith
 q - a ring of ice
 s - a ring of willpower (right hand)
Talismans
 b - a beast talisman (active)
 c - a flux talisman
Scrolls
 d - a scroll of enchant armour
 g - 2 scrolls of identify
 j - 6 scrolls of teleportation
 k - a scroll of fear {unknown}
 m - a scroll of fog {unknown}
 p - a scroll of revelation {unknown}
 r - a scroll of butterflies {unknown}
 t - a scroll of vulnerability {unknown}
Potions
 a - a potion of lignification


   Skills:
 - Level 3.0 Fighting
 - Level 3.0 Dodging
 + Level 4.8 Unarmed Combat
 + Level 4.3 Shapeshifting


You had 5 spell levels left.
You didn't know any spells.
Your spell library was empty.

Dungeon Overview and Level Annotations

Branches:
Dungeon (4/15)
 Temple: D:4-7

Altars:
Gozag
Kikubaaqudgha
The Shining One

Annotations:
D:4 Eustachio


Innate Abilities, Weirdness & Mutations

You are a hulking beast.
Your limbs bulge with bestial killing power. (Slay +2)
Your plain brown scales are hard. (AC +6)
You cannot fit into any form of body armour.
You are cold-blooded and may be slowed by cold attacks.


Message History

You punch the giant cockroach!
You kill the giant cockroach!
You are no longer berserk.
You are exhausted.
You feel yourself slow down.
You punch the orc!
The orc is almost dead.
The orc hits you but does no damage.
You closely miss the orc.
The orc is almost dead.
The orc closely misses you.
Eustachio asks, "How can you live without manners, virtues and honour?"
You barely miss the orc.
The orc is almost dead.
The orc hits you with a +0 short sword.
* * * LOW HITPOINT WARNING * * *
The orc hits you with a +0 short sword.
* * * LOW HITPOINT WARNING * * *
You hit the orc.
You kill the orc!
Okay, then.
As you read the scroll labelled MAUM JAGOSE, it crumbles to dust.
It is a scroll of enchant armour.
You aren't carrying any armour which can be enchanted further.
Eustachio gestures wildly while chanting.
Eustachio blinks!
As you read the scroll labelled YZOZALL QYGAU, it crumbles to dust.
It is a scroll of brand weapon.
The +0 club becomes incredibly heavy! a +0 heavy club An orc wizard comes into view.
It is wielding a +0 dagger.
Eustachio barely misses you.
As you read the scroll labelled HEBAFOAQIS, it crumbles to dust.
It is a scroll of identify.
j - 6 scrolls of teleportation Eustachio hits you with a +0 rapier.
* * * LOW HITPOINT WARNING * * *
Eustachio hits you with a +0 rapier.
You die...
Eustachio twirls his moustache.

#.. #######(. #........
#........ # #........ ####.
#.......# #.... ##.######
.....################.######
#....Sr@h†...............
#...##############.......
#.).##.!#..... #(...... ##.
#Sh..# #....... #S...#
#....... .##.## #....... Sl
.o. #....... .K. ...o
#....... .... ......
########


You could see Eustachio, an adder and a rat (summoned).

Vanquished Creatures
  A water moccasin (D:4)
  A hound (D:4)
  An orc priest (D:3)
  Jessica (D:2)
  An iguana (D:4)
  3 adders
  2 worms (D:3)
  3 dart slugs
  9 orcs
  6 ball pythons
  8 bats
  9 endoplasms
  2 giant cockroaches
  5 goblins
  3 hobgoblins
  2 quokkas (D:4)
  6 frilled lizards
  6 kobolds
  3 rats
72 creatures vanquished.

Notes
Turn   | Place    | Note
-------+----------+-------------------------------------------
     0 | D:1      | CowFu the Draconian Shapeshifter began the quest for the
                  | Orb.
     0 | D:1      | Reached XP level 1. HP: 16/16 MP: 1/1
   121 | D:1      | Reached XP level 2. HP: 23/23 MP: 2/2
   702 | D:2      | Noticed Jessica
   717 | D:2      | Killed Jessica
   718 | D:2      | Reached XP level 3. HP: 19/29 MP: 3/3
  1272 | D:2      | Reached XP level 4. HP: 36/36 MP: 4/4
  1725 | D:3      | Found a faded altar of an unknown god.
  2138 | D:3      | Found an opulent altar of Gozag.
  2717 | D:3      | Reached XP level 5. HP: 30/42 MP: 5/5
  2891 | D:4      | Found an ancient bone altar of Kikubaaqudgha.
  2972 | D:4      | Found a glowing golden altar of the Shining One.
  2975 | D:4      | Noticed a water moccasin
  2975 | D:4      | Noticed Eustachio
  3003 | D:4      | Killed a water moccasin
  3004 | D:4      | Reached XP level 6. HP: 17/51 MP: 6/6
  3032 | D:4      | Slain by Eustachio

Illustrated notes

Levels and vault maps discovered:
D:1:      dpeg_arrival_round_b, layout_loops_ring, dk_noncrumbling_3,
          minmay_hedge_maze
D:2:      layout_loops_corners, serial_bayou_pond_d,
          chequers_serial_rivers_marsh, uniq_jessica
D:3:      layout_loops_ring, mainiacjoe_overflow_concentric_impassable,
          nicolae_ecumenical_oubliette, minivault_4
D:4:      layout_basic, nicolae_kikubaaqudgha_miasma_corner, serial_shops,
          kennysheep_little_box, minmay_ruined_shrine, uniq_eustachio

Skill      XL: |  1  2  3  4  5 |
---------------+----------------+-----
Dodging        | 2 3 |  3.0
Fighting       | 2 3 |  3.0
Unarmed Combat | 4 |  4.8
Shapeshifting  | 4 |  4.3

Action                     |  1- 3 |  4- 6 || total
---------------------------+-------+-------++-------
  Melee: Unarmed           |    70 |   132 ||   202
         Tailslap          |     7 |     5 ||    12
         Punch             |     1 |     1 ||     2
    Use: Potion            |       |     5 ||     5
         Scroll            |       |     3 ||     3
   Stab: Sleeping          |     1 |       ||     1
 Armour: Skin              |    38 |    76 ||   114
  Dodge: Dodged            |    40 |    81 ||   121

Table legend: (Time is in decaauts)
 A = Elapsed time spent in this place.
 B = Non-inter-level travel time spent in this place.
 C = Inter-level travel time spent in this place.
 D = Time resting spent in this place.
 E = Time spent auto-exploring this place.
 F = Levels seen in this place.
 G = Mean time per level.
                   A        B        C        D        E       F      G
               +--------+--------+--------+--------+--------+-----+--------+
         Total |   3025 |   2839 |    186 |      0 |   2253 |   4 |  756.2 |
       Dungeon |   3025 |   2839 |    186 |      0 |   2253 |   4 |  756.2 |
               +--------+--------+--------+--------+--------+-----+--------+

Top non-repeatable levels by time:
     D:2: 1219 daAuts
     D:3: 892 daAuts
     D:1: 699 daAuts
     D:4: 214 daAuts
